 Dungeon Crawl Stone Soup version 0.18.1-5-g4a78601 (webtiles) character file.

1836 Geppetto the Archer (level 8, -1/99 HPs)
             Began as a Centaur Hunter on May 10, 2016.
             Slain by a decayed bog body (3 damage)
             ... on level 6 of the Dungeon.
             The game lasted 00:33:38 (6476 turns).

Geppetto the Archer (Centaur Hunter)                Turns: 6476, Time: 00:33:41

Health: -1/99      AC: 24    Str: 16    XL:     8   Next: 87%
Magic:  8/8        EV:  1    Int: 10    God:
Gold:   314        SH:  0    Dex: 16    Spells: 0 memorised, 7 levels left

rFire  . . .     SeeInvis .     w - +0 arbalest
rCold  . . .     Gourm    .     (armour currently unavailable)
rNeg   + + +     Faith    .     (shield currently unavailable)
rPois  +         Spirit   .     (helmet currently unavailable)
rElec  .         Dismiss  .     (cloak currently unavailable)
rCorr  .         Reflect  .     (gloves currently unavailable)
SustAt .         Harm     .     (no barding)
MR     .....     NoTele   +     (no amulet)
Stlth  +++.......               (no ring)
                                (no ring)

@: agile, tree-form, not resistant to hostile enchantments, fairly stealthy
A: (hooves 0), (deformed body), (speed 0), (tough skin 0)
a: no special abilities


You were on level 6 of the Dungeon.
You were not hungry.
You were a tree.
You visited 1 branch of the dungeon, and saw 6 of its levels.
You also visited: Ossuary.

You collected 314 gold pieces.

Inventory:

Hand Weapons
 a - a +2 shortbow
 b - a +0 short sword
 w - a +0 arbalest (weapon)
Missiles
 t - 22 bolts (quivered)
Armour
 l - a +2 animal skin (melded)
 m - a +0 helmet (melded)
Wands
 g - a wand of disintegration (10/24)
 u - a wand of flame (24/48)
Scrolls
 e - 2 scrolls of teleportation
 n - 2 scrolls of noise
 o - 2 scrolls of fog
 y - a scroll of recharging {unknown}
 A - a scroll of blinking {unknown}
 B - a scroll of enchant armour
 C - a scroll of magic mapping
 F - 2 scrolls of identify
 G - a scroll of acquirement {unknown}
Potions
 c - 2 potions of berserk rage
 i - 2 potions of haste
 j - 2 potions of degeneration {unknown}
 k - a potion of flight {unknown}
 p - 2 potions of brilliance {unknown}
 r - 2 potions of lignification
 x - a potion of resistance {unknown}
 z - a potion of cure mutation {unknown}
Comestibles
 f - 4 bread rations
 q - 2 beef jerkies
 s - 2 royal jellies
 v - a meat ration
 E - a slice of pizza


   Skills:
 - Level 4.1 Fighting
 * Level 12.6 Bows
 - Level 2.1 Armour
 - Level 4.0 Dodging
 - Level 0.5 Stealth


You had 7 spell levels left.
You didn't know any spells.

Dungeon Overview and Level Annotations

Branches:
Dungeon (6/15)
 Temple: D:4-7

Altars:
Vehumet


Innate Abilities, Weirdness & Mutations

((You have hooves in place of feet.))
((Armour fits poorly on your strangely shaped body.))
((You cover ground very quickly.))
((You have extremely tough skin (AC +3).))


Message History

It was a potion of lignification.
You turn into a tree.
Your +0 helmet melds into your body.
Your +2 animal skin melds into your body.
Your roots penetrate the ground.
The decayed bog body hits you but does no damage.
The decayed bog body touches you but does no damage.
Really attack while wielding your +0 arbalest? [Y]es or [N]o only, please.
Really attack while wielding your +0 arbalest?
You barely miss the decayed bog body.
The decayed bog body is almost destroyed.
The decayed bog body hits you but does no damage.
The decayed bog body touches you but does no damage.
You clumsily bash the decayed bog body but do no damage.
The decayed bog body is almost destroyed.
The decayed bog body hits you.
* * * LOW HITPOINT WARNING * * *
The decayed bog body touches you but does no damage.
The decayed bog body hits you.
You die...

#.......... #.>........
#..............### #
#....... .....##♣# .###
#...... ....###n###....
#.....####..#.......#
#.....#....###.....##
#.....#...##.##...##
#........###'###.###+###
#.......................
#.....#.....##..#.......
#...............#.......


You could see a decayed bog body.

Vanquished Creatures
  A troll (D:4)
  A sky beast (D:6)
  2 ice beasts (D:6)
  2 orc warriors
  2 ogres (D:5)
  A giant frog (D:4)
  A scorpion (D:5)
  A howler monkey (D:5)
  A bog body (Ossuary)
  A jelly (D:6)
  A centaur zombie (Ossuary)
  A giant frog zombie (Ossuary)
  A hound (D:6)
  Crazy Yiuf (D:3)
  A giant frog skeleton (D:4)
  2 orc priests
  A centaur skeleton (D:6)
  4 orc wizards
  5 worker ants
  2 hound skeletons (D:4)
  2 mummies
  A worker ant zombie (Ossuary)
  Robin (D:3)
  8 adders
  3 gnolls (D:4)
  4 oozes
  An adder skeleton (D:4)
  2 worms
  3 dart slugs
  3 giant geckos
  17 orcs
  3 bats
  3 giant cockroaches
  7 hobgoblins
  2 jackals (D:5)
  6 kobolds
  2 quokkas
  A giant cockroach zombie (D:6)
  3 giant newts
  12 goblins
  A hobgoblin zombie (D:6)
  A quokka skeleton (D:5)
  5 rats
123 creatures vanquished.

Vanquished Creatures (others)
  A withered plant (Ossuary)
1 creature vanquished.

Grand Total: 124 creatures vanquished

Notes
Turn   | Place    | Note
--------------------------------------------------------------
     0 | D:1      | Geppetto the Centaur Hunter began the quest for the Orb.
     0 | D:1      | Reached XP level 1. HP: 17/17 MP: 1/1
   297 | D:1      | Reached XP level 2. HP: 21/24 MP: 2/2
   300 | D:1      | Reached skill level 6 in Bows
   492 | D:1      | Reached XP level 3. HP: 29/29 MP: 3/3
   763 | D:2      | Reached skill level 7 in Bows
  1122 | D:2      | Reached XP level 4. HP: 36/36 MP: 4/4
  1413 | D:3      | Noticed an orc warrior
  1417 | D:3      | Reached skill level 1 in Armour
  1425 | D:3      | Reached XP level 5. HP: 28/42 MP: 5/5
  1448 | D:3      | Noticed Robin
  1597 | D:3      | Killed Robin
  1640 | D:3      | Killed an orc warrior
  2133 | D:3      | Noticed Crazy Yiuf
  2171 | D:3      | Killed Crazy Yiuf
  2171 | D:3      | Reached XP level 6. HP: 51/51 MP: 6/6
  2914 | D:4      | Noticed a troll
  2972 | D:4      | Killed a troll
  2972 | D:4      | Reached skill level 9 in Bows
  2972 | D:4      | Reached XP level 7. HP: 59/59 MP: 7/7
  3407 | D:4      | Reached skill level 10 in Bows
  3898 | D:5      | Entered Level 5 of the Dungeon
  4440 | D:5      | Reached XP level 8. HP: 66/66 MP: 8/8
  5759 | D:6      | Reached skill level 11 in Bows
  6286 | D:6      | Reached skill level 12 in Bows
  6326 | D:6      | Found a radiant altar of Vehumet.
  6359 | D:6      | Found a sand-covered staircase.
  6423 | Ossuary  | Entered an ossuary
  6468 | Ossuary  | Noticed Liquid's ghost (amateur SpEn)
  6469 | Ossuary  | HP: 2/66 [decayed bog body (20)]
  6476 | D:6      | HP: 2/99 [decayed bog body (3)]
  6476 | D:6      | Slain by a decayed bog body

Skill      XL: |  1  2  3  4  5  6  7  8 |
---------------+-------------------------+-----
Bows           | 6 7 9 10 12 | 12.6
Armour         | 1 2 |  2.1
Dodging        | 2 3 4 |  4.0
Fighting       | 3 4 |  4.1
Stealth        | |  0.5

Action                   |  1- 3 |  4- 6 |  7- 9 || total
-------------------------+-------+-------+-------++-------
Melee: Arbalest          |       |       |     2 ||     2
 Fire: Shortbow          |   116 |   138 |   313 ||   567
       Arbalest          |       |       |     2 ||     2
  Use: Scroll            |     7 |     3 |     3 ||    13
       Potion            |       |       |     2 ||     2
  Eat: Chunk             |       |     4 |     6 ||    10
       Beef jerky        |       |       |     1 ||     1
Armor: Leather armour    |    10 |     4 |       ||    14
       Animal skin       |       |     3 |    19 ||    22
       Skin              |       |       |     5 ||     5
Dodge: Dodged            |    26 |     5 |    35 ||    66
